 Dungeon Crawl Stone Soup version 0.23-a0-313-gf30bb39 (webtiles) character file.

537 jenca the Ducker (level 7, -4/68 HPs)
             Began as a Troll Berserker on Sept 22, 2018.
             Was a Believer of Trog.
             Slain by a howler monkey (5 damage)
             ... on level 5 of the Dungeon on Oct 12, 2018.
             The game lasted 00:12:39 (2870 turns).

jenca the Ducker (Troll Berserker)                  Turns: 2870, Time: 00:12:40

Health: -4/68      AC:  5    Str: 28    XL:     7   Next: 5%
Magic:  6/6        EV: 26    Int:  3    God:    Trog [**....]
Gold:   179        SH:  0    Dex:  9    Spells: 6/6 levels left

rFire    . . .     SeeInvis .   a - +0 mace
rCold    . . .     Gourm    +   (no shield)
rNeg     . . .     Faith    .   b - +0 animal skin
rPois    .         Spirit   .   (helmet restricted)
rElec    .         Reflect  .   (no cloak)
rCorr    .         Harm     .   (gloves unavailable)
MR       .....                  (boots unavailable)
Stlth    +.........             g - amulet of the acrobat
HPRegen  0.61/turn              (no ring)
MPRegen  0.10/turn              (no ring)

@: no status effects
A: large, unfitting armour, claws 3, fast metabolism 3, gourmand, regeneration
1, shaggy fur 1, tough skin 2
a: Berserk, Trog's Hand, Renounce Religion


You were on level 5 of the Dungeon.
You worshipped Trog.
Trog was pleased with you.
You were hungry.

You visited 1 branch of the dungeon, and saw 6 of its levels.

You collected 179 gold pieces.

Inventory:

Hand Weapons
 a - a +0 mace (weapon)
Armour
 b - a +0 animal skin (worn)
 l - a +1 robe of cold resistance
Jewellery
 g - an amulet of the acrobat (around neck)
 h - an uncursed amulet of magic regeneration
Scrolls
 d - a scroll of blinking
 k - a scroll of identify
Potions
 e - a potion of haste {unknown}
 f - a potion of lignification
 i - 3 potions of agility {unknown}
 j - a potion of curing
Comestibles
 c - 5 rations


   Skills:
 + Level 3.7 Fighting
 + Level 4.6 Maces & Flails
 + Level 4.7 Dodging
 + Level 0.5 Stealth


You had 6 spell levels left.
You didn't know any spells.
Your spell library was empty.

Dungeon Overview and Level Annotations

Branches:
Dungeon (6/15)
 Temple: D:4-7

Altars:
Dithmenos
Makhleb
Xom

Annotations:
D:3 3 runed doors, Tauromancer's ghost, amateur GnWz


Innate Abilities, Weirdness & Mutations

You are too large for most types of armour.
You have claws for hands.
Your metabolism is lightning-fast.
You like to eat raw meat.
Your natural rate of healing is unusually fast.
You are covered in fur. (AC +1)
You have very tough skin. (AC +2)


Message History

The howler monkey hoots and howls with incredible vigour!
The centaur skeleton completely misses you.
The centaur skeleton closely misses you.
The howler monkey closely misses you.
The centaur skeleton completely misses you.
The howler monkey closely misses you. The centaur skeleton misses you.
The howler monkey completely misses you.
The centaur skeleton hits you.
* * * LOW HITPOINT WARNING * * *
The howler monkey completely misses you.
The centaur skeleton hits you but does no damage.
The howler monkey hoots and howls with incredible vigour!
The centaur skeleton misses you. The howler monkey misses you.
The centaur skeleton hits you.
* * * LOW HITPOINT WARNING * * *
The howler monkey hoots and howls with incredible vigour!
The centaur skeleton misses you. The howler monkey hits you.
You die...

#......#
#......######
#............
##............
###......#######
###....#####
#....### ##..###
#.@## #hZ# #.a#
#..# ##.. ##. .
..


You could see a howler monkey, a worker ant and a centaur skeleton.

Vanquished Creatures
  A centaur (D:5)
  A bullfrog (D:6)
  2 howler monkeys
  A hound (D:3)
  A quasit (D:5)
  A centaur skeleton (D:4)
  An orc priest (D:3)
  2 orc wizards
  2 worker ants
  A hound skeleton (D:4)
  A worker ant zombie (D:5)
  2 adders (D:2)
  An ooze (D:2)
  An adder skeleton (D:5)
  A dart slug (D:1)
  A leopard gecko (D:4)
  An orc (D:3)
  A giant cockroach (D:2)
  7 goblins
  3 hobgoblins
  4 jackals
  A quokka (D:2)
  3 bats
  5 frilled lizards
  9 kobolds
  5 rats
59 creatures vanquished.

Notes
Turn   | Place    | Note
-------+----------+-------------------------------------------
     0 | D:1      | jenca the Troll Berserker began the quest for the Orb.
     0 | D:1      | Reached XP level 1. HP: 22/22 MP: 0/0
   222 | D:1      | Reached XP level 2. HP: 29/29 MP: 1/1
   724 | D:2      | Reached XP level 3. HP: 36/36 MP: 2/2
   874 | D:2      | Reached XP level 4. HP: 44/44 MP: 3/3
   888 | D:2      | Found a shadowy altar of Dithmenos.
  1032 | D:2      | Found a shimmering altar of Xom.
  1285 | D:3      | Reached ** piety under Trog
  1320 | D:3      | You fall through a shaft for 3 floors!
  1320 | D:6      | Noticed a bullfrog
  1336 | D:6      | Killed a bullfrog
  1336 | D:6      | Reached XP level 5. HP: 53/53 MP: 4/4
  1379 | D:6      | Noticed a sky beast
  1495 | D:5      | Entered Level 5 of the Dungeon
  1645 | D:5      | Noticed a centaur
  1650 | D:5      | Reached XP level 6. HP: 21/61 MP: 5/5
  1851 | D:3      | Found a runed gate.
  1851 | D:3      | Found a runed gate.
  1851 | D:3      | Found a runed gate.
  1853 | D:3      | Noticed Tauromancer's ghost (amateur GnWz)
  1911 | D:3      | Found a burning altar of Makhleb.
  1945 | D:3      | Upgraded the game from 0.23-a0-183-gf37f6fb to
                  | 0.23-a0-313-gf30bb39
  2467 | D:4      | Reached XP level 7. HP: 65/68 MP: 6/6
  2856 | D:5      | HP: 2/68 [centaur skeleton (6)]
  2862 | D:5      | HP: 2/68 [centaur skeleton (3)]
  2869 | D:5      | HP: 1/68 [centaur skeleton (4)]
  2870 | D:5      | Slain by a howler monkey

Vault maps used:
D:1:      dpeg_arrival_pits, moated_statue
D:2:      nicolae_overflow_crystal_walls, grunt_dithmenos_smoke_and_mirrors
D:3:      nicolae_gozag_zags_fifth_avenue, makhleb_blood_cavern_becter,
          gammafunk_ghost_split, item_on_display_a
D:4:      overflow_temple_1_default, kennysheep_little_box,
          gammafunk_ghost_cemetery, wad_rectangle_vault, uniq_duvessa,
          uniq_sigmund
D:5:      first_ration
D:6:      lemuel_round_altar, gammafunk_ghost_stat_death, basic_altar,
          zaba_anthole, uniq_eustachio

Skill      XL: |  1  2  3  4  5  6 |
---------------+-------------------+-----
Maces & Flails | 3 4 |  4.6
Dodging        | 3 4 |  4.7
Fighting       | 3 |  3.7
Stealth        | |  0.5

Action                   |  1- 3 |  4- 6 |  7- 9 || total
-------------------------+-------+-------+-------++-------
Melee: Mace              |   100 |   155 |    15 ||   270
Invok: Berserk           |       |     3 |       ||     3
  Use: Scroll            |     2 |     4 |       ||     6
       Potion            |     2 |     3 |       ||     5
  Eat: Chunk             |     8 |    12 |       ||    20
       Ration            |       |     1 |     1 ||     2
Armor: Animal skin       |    39 |    76 |    43 ||   158
Dodge: Dodged            |    61 |   424 |   597 ||  1082

Table legend:
 A = Non-vault XP
 B = Vault XP
 C = Vault XP percentage of total XP
 D = Non-vault monster count
 E = Vault monster count
 F = Vault count percentage of total count
                 A         B        C        D         E       F
            +---------+---------+-------+---------+---------+-------
      Total |     676 |      92 |  12.0 |      56 |       3 |   5.1
            +---------+---------+-------+---------+---------+-------
        D:1 |      24 |       0 |   0.0 |      13 |       0 |   0.0
        D:2 |     115 |       0 |   0.0 |      18 |       0 |   0.0
        D:3 |      97 |      45 |  31.7 |      13 |       1 |   7.1
        D:4 |      51 |      47 |  48.0 |       2 |       2 |  50.0
        D:5 |     304 |       0 |   0.0 |       9 |       0 |   0.0
        D:6 |      85 |       0 |   0.0 |       1 |       0 |   0.0
            +---------+---------+-------+---------+---------+-------
